 Dungeon Crawl Stone Soup version 0.28-a0-695-gff097466f2 (webtiles) character file.

Game seed: 13642793220442809913

158 Anon1729 the Ruffian (level 4, -11/36 HPs)
             Began as a Demigod Transmuter on Oct 22, 2021.
             Mangled by a shadow (29 damage)
             ... on level 7 of the Dungeon.
             The game lasted 00:03:38 (4377 turns).

Anon1729 the Ruffian (Demigod Transmuter)           Turns: 4377, Time: 00:03:39

Health: -11/36     AC:  2    Str: 15    XL:     4   Next: 94%
Magic:  10/10      EV: 27    Int: 15    God:
Gold:   154        SH:  0    Dex: 14    Spells: 1/7 levels left

rFire   . . .      SeeInvis .     - Unarmed
rCold   . . .      Faith    .   (no shield)
rNeg    . . .      Spirit   .   a - +0 robe
rPois   .          Reflect  .   (no helmet)
rElec   .          Harm     .   (no cloak)
rCorr   .          Rampage  .   (no gloves)
Will    .....                   (no boots)
Stlth   +.........              i - amulet of the acrobat
HPRegen 0.12/turn               (no ring)
MPRegen 0.12/turn               (no ring)

@: about to teleport, acrobatic, very slow
A: high mp 1, forlorn
a: no special abilities


You were on level 7 of the Dungeon.
You visited 1 branch of the dungeon, and saw 5 of its levels.

You collected 154 gold pieces.

Inventory:

Armour
 a - a +0 robe (worn)
Jewellery
 i - an amulet of the acrobat (around neck)
Scrolls
 b - a scroll of holy word
 c - a scroll of fog
 g - a scroll of immolation
Potions
 d - a potion of brilliance
 e - 2 potions of curing
 h - a potion of degeneration {unknown}


   Skills:
 + Level 1.8 Fighting
 + Level 2.4 Dodging
 * Level 3.4 Unarmed Combat
 + Level 2.3 Spellcasting
 * Level 2.8 Transmutations
 + Level 1.0 Air Magic


You had one spell level left.
You knew the following spells:

 Your Spells              Type           Power      Damage    Failure   Level
a - Beastly Appendage     Tmut           20%        N/A       7%          1
b - Wereblood             Tmut           10%        N/A       10%         2
c - Spider Form           Tmut/Pois      3%         N/A       34%         3

Your spell library contained the following spells:

 Spells                   Type           Power      Damage    Failure   Level
 Static Discharge         Conj/Air       3%         N/A       26%         2
 Ice Form                 Ice/Tmut       6%         N/A       75%         4
 Lightning Bolt           Conj/Air       1%         1d12      99%         5
 Maxwell's Capacitive Co  Air            2%         ∞         100%        8


Dungeon Overview and Level Annotations

Branches:
Dungeon (4/15)
 Temple: D:4-7


Innate Abilities, Weirdness & Mutations

Your attributes grow dramatically as you level up.
You have an increased reservoir of magic. (+10% MP)
You shall have no god before yourself.


Message History

You start resting.
Your transformation is almost over.
Your horns disappear.
Your talons disappear.
HP restored.
Things that are here:
a +0 whip; a +0 ring mail; an orc corpse You see here a +0 short sword.
Things that are here:
a +0 ring mail; a +0 flail; an orc corpse
Things that are here:
a +0 club; an orc corpse
Things that are here:
a +0 club; an orc corpse
There is a stone staircase leading up here.
You see here a +0 short sword.
Found a ring mail.
You see here 15 stones.
You now have 154 gold pieces (gained 14).
Found a hunting sling.
You fall into a shaft and drop 3 floors!
The shaft crumbles and collapses.
A bullfrog, an acid dragon, 3 electric eels and a shadow come into view.
Found a quarterstaff and 20 bolts.
As you read the scroll of teleportation, it crumbles to dust.
You feel strangely unstable.
The electric eel shoots out a bolt of lightning at you!
The bolt of electricity hits you.
The bolt of electricity hits the plant!
The plant begins to die.
The shadow slips into darkness.
The shadow flickers and vanishes!
Deactivating autopickup; reactivate with Ctrl-A.
The acid dragon roars!
You enter the shallow water.
Moving in this stuff is going to be slow.
The bullfrog hits you. x2
The electric eel shoots out a bolt of lightning at you!
The bolt of electricity hits something!
The bolt of electricity hits you!
The shadow strikes at you from the darkness!
Ouch! That really hurt!
You die...

♣♣≈≈≈♣........
#♣≈P≈≈≈.......
#≈PP≈≈S...≈..
#≈≈≈≈P....≈P
≈≈P≈P≈≈(.P≈♣♣
P≈≈≈≈≈≈..≈P≈♣
P≈≈S≈≈...≈≈P♣
♣≈≈≈≈♣≈..≈P≈♣
≈P≈P≈≈D.F@P≈♣
PP≈≈S≈≈..≈≈P♣
≈≈≈≈≈....≈P≈♣
♣♣♣PP≈.)≈≈≈≈♣
..≈≈...≈≈♣≈..
..##♣♣..≈♣♣....
. ...P♣ ....
#...♣♣ ..###


You could see an acid dragon, a bullfrog and 3 electric eels.

Vanquished Creatures
  An orc priest (D:4)
  4 adders
  A howler monkey skeleton (D:3)
  A worm (D:2)
  3 dart slugs
  3 orcs (D:4)
  4 endoplasms
  6 giant cockroaches
  7 goblins
  5 hobgoblins
  8 jackals
  6 kobolds
  2 quokkas (D:1)
  4 ball pythons
  7 bats
  A frilled lizard (D:1)
  5 rats
68 creatures vanquished.

Notes
Turn   | Place    | Note
-------+----------+-------------------------------------------
     0 | D:1      | Anon1729 the Demigod Transmuter began the quest for the
                  | Orb.
     0 | D:1      | Reached XP level 1. HP: 15/15 MP: 5/5
    27 | D:1      | Reached skill level 1 in Fighting
   505 | D:1      | Reached XP level 2. HP: 20/23 MP: 7/7
  1299 | D:1      | Reached skill level 3 in Unarmed Combat
  1299 | D:1      | Reached XP level 3. HP: 26/28 MP: 6/8
  1734 | D:2      | Learned a level 2 spell: Wereblood
  1738 | D:2      | Learned a level 3 spell: Spider Form
  2630 | D:2      | Reached XP level 4. HP: 36/36 MP: 8/10
  4299 | D:4      | Reached skill level 1 in Air Magic
  4374 | D:4      | You fall into a shaft and drop 3 floors!
  4374 | D:7      | Noticed an acid dragon
  4374 | D:7      | Noticed a bullfrog
  4374 | D:7      | Noticed a shadow
  4377 | D:7      | Mangled by a shadow

Illustrated notes

Levels and vault maps discovered:
D:1:      lightli_arrival_noodles, layout_loops_ring,
          chequers_ecumenical_altar_simple_redux, minivault_23,
          minmay_fountain_box, minmay_misc_feat_alley
D:2:      layout_loops_corners, basic_altar
D:3:      layout_rooms, evilmike_ruin_ashenzari, minmay_misc_feat_four_crosses
D:4:      layout_rooms, fedhas_altar_4
D:7:      layout_cave_pools, dk_xom_monty_hall, nicolae_ru_the_path_less_chosen,
          serial_bayou, serial_bayou_shore_a, serial_bayou_ford_a,
          serial_bayou_pond_e, serial_bayou_pond_b, serial_bayou_pond_e,
          serial_bayou_pond_e, uniq_prince_ribbit1, uniq_maggie, uniq_pikel

Skill      XL: |  1  2  3  4 |
---------------+-------------+-----
Fighting       | 1 |  1.8
Dodging        | 2 |  2.4
Transmutations | 2 |  2.8
Spellcasting   | 2 |  2.3
Unarmed Combat | 3 |  3.4
Air Magic      | 1 |  1.0

Action                   |  1- 3 |  4- 6 || total
-------------------------+-------+-------++-------
Melee: Unarmed           |   158 |    66 ||   224
       Punch             |     4 |     1 ||     5
       Kick              |    15 |    10 ||    25
       Headbutt          |     6 |     7 ||    13
 Cast: Beastly Appendage |    14 |    12 ||    26
       Spider Form       |       |     1 ||     1
  Use: Scroll            |       |     7 ||     7
 Stab: Sleeping          |     1 |       ||     1
Armor: Robe              |    24 |    16 ||    40
Dodge: Dodged            |    92 |    48 ||   140

Table legend: (Time is in decaauts)
 A = Elapsed time spent in this place.
 B = Non-inter-level travel time spent in this place.
 C = Inter-level travel time spent in this place.
 D = Time resting spent in this place.
 E = Time spent auto-exploring this place.
 F = Levels seen in this place.
 G = Mean time per level.
                   A        B        C        D        E       F      G
               +--------+--------+--------+--------+--------+-----+--------+
         Total |   4366 |   4251 |    115 |    517 |   3214 |   5 |  873.2 |
       Dungeon |   4366 |   4251 |    115 |    517 |   3214 |   5 |  873.2 |
               +--------+--------+--------+--------+--------+-----+--------+

Top non-repeatable levels by time:
     D:1: 1704 daAuts
     D:2: 1522 daAuts
     D:3: 993 daAuts
     D:4: 143 daAuts
     D:7: 2 daAuts
